 Dungeon Crawl Stone Soup version 0.23.2 (webtiles) character file.

Game seed: 15170403421229296818

8764 Banto the Spear-Bearer (level 10, -9/73 HPs)
             Began as a Demigod Wanderer on Apr 11, 2019.
             Mangled by a six-headed hydra (15 damage)
             ... on level 11 of the Dungeon.
             The game lasted 00:21:50 (14878 turns).

Banto the Spear-Bearer (Demigod Wanderer)          Turns: 14878, Time: 00:21:51

Health: -9/73      AC: 10    Str: 17    XL:     10   Next: 91%
Magic:  14/14      EV: 13    Int: 15    God:
Gold:   648        SH:  0    Dex: 20    Spells: 11/11 levels left

rFire    . . .     SeeInvis .   a - +2 hand crossbow
rCold    . . .     Gourm    .   (no shield)
rNeg     . . .     Faith    .   c - +3 leather armour
rPois    .         Spirit   .   z - +2 hat
rElec    .         Reflect  .   (no cloak)
rCorr    .         Harm     .   k - +1 pair of gloves
MR       +....                  (no boots)
Stlth    ++........             q - amulet of rage
HPRegen  0.22/turn              p - +2 ring of evasion
MPRegen  0.14/turn              u - ring of flight

@: no status effects
A: high mp 1
a: Evoke Berserk Rage, Evoke Flight


You were on level 11 of the Dungeon.
You were not hungry.

You visited 2 branches of the dungeon, and saw 13 of its levels.
You also visited: Sewer and Ossuary.

You collected 648 gold pieces.

Inventory:

Hand Weapons
 a - a +2 hand crossbow (weapon)
 b - a +3 trident
Missiles
 e - 80 bolts (quivered)
Armour
 c - a +3 leather armour (worn)
 k - a +1 pair of gloves (worn)
 l - a +0 buckler
 z - a +2 hat (worn)
Jewellery
 p - a +2 ring of evasion (left hand)
 q - an amulet of rage (around neck)
 u - a ring of flight (right hand)
Wands
 n - a wand of paralysis (16)
 v - a wand of polymorph (11)
 A - a wand of scattershot (5)
Scrolls
 g - 2 scrolls of fog
 h - a scroll of enchant weapon
 i - 8 scrolls of remove curse
 w - 2 scrolls of teleportation
 y - 2 scrolls of enchant armour
 E - a scroll of magic mapping
 G - 4 scrolls of fear
Potions
 d - 2 potions of lignification
 j - 3 potions of magic
 m - 6 potions of might
 o - 8 potions of curing
 r - 4 potions of brilliance
 s - 4 potions of flight
 t - 2 potions of invisibility
 x - a potion of heal wounds
 B - 3 potions of ambrosia
 C - 3 potions of mutation
Comestibles
 f - 13 rations


   Skills:
 - Level 2.0 Fighting
 + Level 11.3 Polearms
 - Level 11.0 Crossbows
 - Level 1.0 Throwing
 - Level 1.7 Armour
 - Level 1.0 Stealth
 - Level 1.0 Spellcasting
   Level 1.0 Summonings
   Level 1.0 Poison Magic


You had 11 spell levels left.
You didn't know any spells.
Your spell library contained the following spells:

 Spells                   Type           Power        Failure   Level  Hunger
 Summon Small Mammal      Summ           #...         19%         1    ##.....
 Flame Tongue             Conj/Fire      #....        28%         1    ##.....
 Magic Dart               Conj           #...         28%         1    ##.....
 Call Imp                 Summ           #.......     28%         2    ###....
 Blink                    Tloc           N/A          41%         2    ###....
 Slow                     Hex            #.......     41%         2    ###....
 Throw Flame              Conj/Fire      #.....       41%         2    ###....
 Call Canine Familiar     Summ           #.......     50%         3    ####...
 Summon Guardian Golem    Hex/Summ       #.......     56%         3    ####...
 Mephitic Cloud           Conj/Pois/Air  #.......     61%         3    ####...
 Conjure Flame            Conj/Fire      #.......     65%         3    ####...
 Inner Flame              Hex/Fire       #.......     65%         3    ####...
 Summon Ice Beast         Ice/Summ       #.......     93%         4    #####..
 Summon Lightning Spire   Summ/Air       #.......     93%         4    #####..
 Sticky Flame             Conj/Fire      #.......     96%         4    #####..
 Fireball                 Conj/Fire      #.........   100%        5    ######.


Dungeon Overview and Level Annotations

Branches:
Dungeon (12/15)            Temple (1/1) D:4             Orc (0/2) D:9
   Lair: D:8-11


Innate Abilities, Weirdness & Mutations

You have an increased reservoir of magic. (+10% MP)


Message History

You shoot a bolt.
The bolt hits the six-headed hydra but does no damage.
The six-headed hydra is severely wounded.
An orc comes into view. It is wielding a +0 whip.
The six-headed hydra closely misses you.
The six-headed hydra bites you. The six-headed hydra bites you!
* * * LOW HITPOINT WARNING * * *
The six-headed hydra bites you.
* * * LOW HITPOINT WARNING * * *
The six-headed hydra barely misses you. The six-headed hydra bites you!
* * * LOW HITPOINT WARNING * * *
The orc moves out of view.
Firing (i - inventory)
e - 81 bolts (quivered)
Press: ? - help, Shift-Dir - straight line, f/p - six-headed hydra
Aim: a six-headed hydra (severely wounded)
You shoot a bolt. The bolt hits the six-headed hydra.
The six-headed hydra is almost dead.
The six-headed hydra bites you but does no damage.
The six-headed hydra misses you. The six-headed hydra bites you!
You die...

#.#..........
#.#.........#
#.#.........###
#>'...........#
###.........#.##
####.........#..#
#............##.##
#............##..#
#.....)..#######@#
#........### #D#
#..........# #(##
####.......# #(.#
#.......# ##(#
#.......# #(#
#.......# #(.#
#.......# ##.#
#.......# ..


You could see a six-headed hydra.

Vanquished Creatures
  2 two-headed ogres
  Joseph (D:9)
  2 hippogriffs
  14 yaks
  2 hogs (D:9)
  A human (D:9)
  A hungry ghost (D:10)
  2 water moccasins
  2 black bears
  2 ice beasts
  2 orc warriors
  2 sky beasts (D:7)
  3 ogres
  A centaur (D:5)
  A crocodile (D:8)
  2 big kobolds (D:7)
  5 bullfrogs
  A gnoll sergeant (D:12)
  A wyvern skeleton (D:8)
  3 killer bees
  A scorpion (D:9)
  A water moccasin skeleton (D:7)
  12 wights
  3 centaur zombies (Ossuary)
  A jelly (D:7)
  A human zombie (Ossuary)
  2 quasits
  3 hounds
  9 orc wizards
  5 orc priests
  Crazy Yiuf (D:6)
  4 bullfrog skeletons
  A centaur skeleton (D:7)
  5 iguanas
  6 worker ants
  5 mummies (Ossuary)
  A worker ant zombie (D:6)
  9 gnolls
  A howler monkey skeleton (D:6)
  11 adders
  2 river rats (D:5)
  2 shadow imps
  5 oozes
  2 adder zombies
  6 worms
  A dart slug (D:3)
  10 leopard geckos
  26 orcs
  12 bats
  12 giant cockroaches
  A gnoll zombie (Ossuary)
  5 goblins
  9 hobgoblins
  14 jackals
  2 quokkas
  7 frilled lizards
  A hobgoblin zombie (D:6)
  13 kobolds
  2 kobold zombies (Ossuary)
  A leopard gecko skeleton (D:4)
  An orc zombie (Ossuary)
  6 rats
  A rat zombie (D:6)
273 creatures vanquished.

Notes
Turn   | Place    | Note
-------+----------+-------------------------------------------
     0 | D:1      | Banto the Demigod Wanderer began the quest for the Orb.
     0 | D:1      | Banto set off with the following items: a +2 hand crossbow,
                  | 24 bolts, a +0 ring mail, a potion of lignification, a
                  | ration
     0 | D:1      | Reached XP level 1. HP: 16/16 MP: 4/4
    32 | D:1      | Reached XP level 2. HP: 14/23 MP: 5/5
   500 | D:1      | Reached XP level 3. HP: 23/29 MP: 6/6
   888 | D:2      | Reached skill level 1 in Polearms
  1593 | D:2      | Reached XP level 4. HP: 33/36 MP: 8/8
  1598 | D:2      | Found a hazy altar of Hepliaklqana.
  1607 | D:2      | Found a shadowy altar of Dithmenos.
  1931 | D:2      | Found a burning altar of Makhleb.
  2463 | D:3      | Reached XP level 5. HP: 39/41 MP: 9/9
  3935 | D:4      | Found a bloodstained altar of Trog.
  4296 | D:4      | Reached XP level 6. HP: 42/48 MP: 10/10
  4564 | D:4      | Found a staircase to the Ecumenical Temple.
  4600 | Temple   | Entered the Ecumenical Temple
  4643 | D:5      | Entered Level 5 of the Dungeon
  4936 | D:5      | Found a hide-covered altar of Uskayaw.
  5181 | D:5      | Found a glowing drain.
  5211 | Sewer    | Entered a sewer
  5219 | Sewer    | Reached skill level 5 in Crossbows
  6049 | D:5      | Reached XP level 7. HP: 55/55 MP: 11/11
  6134 | D:5      | Found a blossoming altar of Fedhas.
  6468 | D:6      | Found a bloodstained altar of Trog.
  6468 | D:6      | Found a sacrificial altar of Ru.
  6648 | D:6      | Reached skill level 5 in Polearms
  6677 | D:6      | Found a sand-covered staircase.
  6722 | Ossuary  | Entered an ossuary
  7618 | D:6      | Found a runed translucent door.
  7619 | D:6      | Noticed Crazy Yiuf
  7753 | D:7      | Reached XP level 8. HP: 33/61 MP: 12/12
  8298 | D:6      | Killed Crazy Yiuf
  8662 | D:7      | Noticed a hippogriff
  8680 | D:7      | HP: 3/61 [hippogriff (8)]
  9113 | D:7      | Killed a hippogriff
  9556 | D:6      | Reached XP level 9. HP: 49/67 MP: 13/13
  9869 | D:7      | Identified the +4 flail of the Thirteen Nights {venom, rF+
                  | SInv}
 10705 | D:8      | Noticed a two-headed ogre
 10723 | D:8      | Killed a two-headed ogre
 11100 | D:8      | Got a shimmering robe
 11127 | D:8      | Identified a scroll of acquirement
 11128 | D:8      | Got a crystal rapier
 11131 | D:8      | Identified the +3 robe of the Alphagorgon {rN+} (You found
                  | it on level 8 of the Dungeon)
 11204 | D:9      | Noticed Joseph
 11478 | D:9      | Killed Joseph
 11580 | D:9      | Found an ornate altar of the Wu Jian Council.
 11696 | D:8      | Reached XP level 10. HP: 73/73 MP: 14/14
 11799 | D:9      | Found a staircase to the Orcish Mines.
 11869 | D:9      | Reached skill level 10 in Crossbows
 12540 | D:8      | Reached skill level 10 in Polearms
 13865 | D:9      | Found a basalt altar of Yredelemnul.
 13870 | D:9      | Found a glowing golden altar of the Shining One.
 13872 | D:9      | Noticed an angel
 13979 | D:10     | Entered Level 10 of the Dungeon
 14003 | D:10     | You fall through a shaft for 2 floors!
 14317 | D:12     | Noticed a red ugly thing
 14523 | D:11     | Noticed a two-headed ogre
 14541 | D:11     | Killed a two-headed ogre
 14862 | D:11     | Noticed a six-headed hydra
 14878 | D:11     | Mangled by a six-headed hydra

Skill      XL: |  1  2  3  4  5  6  7  8  9 10 |
---------------+-------------------------------+-----
Crossbows      | 2 3 4 5 6 8 9 11 | 11.0
Fighting       | 2 |  2.0
Polearms       | 1 2 3 4 6 7 9 11 | 11.3
Throwing       | |  1.0
Armour         | |  1.7
Stealth        | |  1.0
Spellcasting   | |  1.0
Summonings     | |  1.0
Poison Magic   | |  1.0

Action                   |  1- 3 |  4- 6 |  7- 9 | 10-12 || total
-------------------------+-------+-------+-------+-------++-------
Melee: Spear             |   122 |   431 |   360 |       ||   913
       Long sword        |     3 |       |       |       ||     3
       Trident           |       |       |   106 |   232 ||   338
 Fire: Hand crossbow     |    33 |    18 |   156 |    76 ||   283
 Abil: Evoke Berserk Rag |       |     3 |     7 |     4 ||    14
       Evoke Flight      |       |     1 |       |       ||     1
Evoke: Wand              |       |       |       |     2 ||     2
  Use: Scroll            |     4 |    11 |     9 |     2 ||    26
 Stab: Sleeping          |       |     7 |     8 |     2 ||    17
       Distracted        |       |     2 |       |       ||     2
       Paralysed         |       |       |       |     7 ||     7
  Eat: Chunk             |     2 |    16 |    22 |    10 ||    50
       Ration            |       |       |     1 |     2 ||     3
Armor: Ring mail         |    52 |       |       |       ||    52
       Leather armour    |    16 |   112 |   159 |    78 ||   365
Dodge: Dodged            |   101 |   254 |   270 |   182 ||   807
       Rpst.: Long sword |     1 |       |       |       ||     1
